 Dungeon Crawl Stone Soup version 0.29-a0-194-g6e3aafee17 (webtiles) character file.

Game seed: 1055581575174516533

734 Zeldest the Covered (level 7, 0/53 (66) HPs)
             Began as a Deep Dwarf Fighter on Feb 22, 2022.
             Slain by a gnoll
             ... wielding a +0 spear
              (2 damage)
             ... on level 6 of the Dungeon.
             The game lasted 00:04:40 (3454 turns).

Zeldest the Covered (Deep Dwarf Fighter)            Turns: 3454, Time: 00:04:41

HP:   0/53 (66)     AC:  8    Str: 22    XL:     7   Next: 45%
MP:   5/5           EV:  9    Int:  8    God:
Gold: 270           SH:  5    Dex: 12    Spells: 6/6 levels left

rFire   . . .      SeeInvis .   h - +0 whip (elec)
rCold   . . .      Faith    .   c - +0 buckler
rNeg    . . .      Spirit   .   b - +0 scale mail
rPois   .          Reflect  .   (no helmet)
rElec   .          Harm     .   (no cloak)
rCorr   .          Rampage  .   (no gloves)
Will    +....                   r - +0 pair of boots
Stlth   ..........              (no amulet)
HPRegen 0.00/turn               (no ring)
MPRegen 0.09/turn               (no ring)

@: heavily drained
A: damage resistance, heal wounds, sense surroundings 1, no regeneration
a: Heal Wounds


You were on level 6 of the Dungeon.
You visited 2 branches of the dungeon, and saw 7 of its levels.

You collected 270 gold pieces.

Inventory:

Hand Weapons
 a - a +0 war axe
 h - a +0 whip of electrocution (weapon)
Armour
 b - a +0 scale mail (worn)
 c - a +0 buckler (worn)
 r - a +0 pair of boots (worn)
Wands
 u - a wand of paralysis (3)
Scrolls
 f - a scroll of summoning {unknown}
 i - 2 scrolls of noise {unknown}
 k - a scroll of brand weapon {unknown}
 l - 3 scrolls of identify {unknown}
 m - a scroll of enchant weapon {unknown}
 n - 2 scrolls of immolation {unknown}
 o - a scroll of teleportation {unknown}
 q - a scroll of amnesia {unknown}
Potions
 d - 3 potions of might
 e - 2 potions of degeneration {unknown}
 g - 3 potions of curing {unknown}
 j - a potion of haste {unknown}
 p - 2 potions of resistance {unknown}
 s - 2 potions of mutation {unknown}
 t - a potion of brilliance {unknown}


   Skills:
 + Level 4.5 Fighting
 + Level 5.0 Axes
 + Level 5.6 Armour
 + Level 5.6 Shields
 + Level 0.1 Invocations
 + Level 0.1 Evocations


You had 6 spell levels left.
You didn't know any spells.
Your spell library contained the following spells:

 Spells                   Type           Power      Damage    Failure   Level
 Summon Small Mammal      Summ           0%         N/A       80%         1
 Call Canine Familiar     Summ           0%         N/A       99%         3
 Frozen Ramparts          Ice            0%         1d2       99%         3
 Portal Projectile        Hex/Tloc       0%         N/A       99%         3
 Summon Guardian Golem    Hex/Summ       0%         N/A       99%         3
 Ice Form                 Ice/Tmut       0%         N/A       100%        4
 Leda's Liquefaction      Hex/Erth       0%         N/A       100%        4
 Summon Ice Beast         Ice/Summ       0%         N/A       100%        4


Dungeon Overview and Level Annotations

Branches:
Dungeon (6/15)             Temple (1/1) D:4

Altars:
Ashenzari
Dithmenos
Elyvilon
Gozag
Kikubaaqudgha
Okawaru
Qazlal
Ru
Sif Muna
Trog
Uskayaw
Vehumet
Wu Jian
Xom
Zin
The Shining One

Shops:
D:4 (   D:6 [

Annotations:
D:5 exclusion: statue


Innate Abilities, Weirdness & Mutations

You are resistant to damage.
You can heal yourself by infusing magical energy.
You passively map a small area around you.
You do not regenerate.


Message History

The gnoll hits you from afar with a +0 spear.
The wight barely misses you.
You completely miss the gnoll.
The gnoll is heavily wounded.
The gnoll barely misses you.
The gnoll hits you from afar with a +0 spear.
* * * LOW HITPOINT WARNING * * *
The wight hits you from afar with a +4 spear!
* * * LOW HITPOINT WARNING * * *
You hit the gnoll but do no damage.
The gnoll is heavily wounded.
The gnoll hits you with a +0 whip.
* * * LOW HITPOINT WARNING * * *
You block the gnoll's attack.
The wight hits you from afar with a +4 spear.
* * * LOW HITPOINT WARNING * * *
You feel drained.
You closely miss the gnoll.
The gnoll is heavily wounded.
The gnoll hits you but does no damage. You block the gnoll's attack.
The wight closely misses you.
You hit the gnoll.
The gnoll is severely wounded.
The gnoll hits you but does no damage. You block the gnoll's attack.
The wight hits you from afar with a +4 spear!
* * * LOW HITPOINT WARNING * * *
You feel drained.
You barely miss the gnoll.
The gnoll is severely wounded.
You block the gnoll's attack. The gnoll barely misses you.
You block the wight's attack.
You hit the gnoll.
The gnoll is almost dead.
The gnoll misses you. You block the gnoll's attack.
The wight hits you but does no damage.
You hit the gnoll but do no damage.
The gnoll is almost dead.
The gnoll hits you but does no damage.
The gnoll hits you from afar with a +0 spear.
You die...

, #.#.#.................. ,
# #.#.#.##........##..... *
#.#.#.............##)#### ,
, #..†...........#..##)'..∩
#.#....................####
.........#####....##........
............#.....###.#.####
* ###......##.#.##..........
###.....#@#.#######...##.
#.#...#g#.## #...#
#.....zzg..# ..>#
####...z...# ..###
#........# #..##.#.## * #..
.....# * #. ,.....# , * #.
.......


You could see 3 wights and 2 gnolls.

Vanquished Creatures
  Menkaure (D:4)
  An ogre (D:5)
  A phantom (D:5)
  A jelly (D:5)
  3 orc priests
  Jessica (D:3)
  An orc wizard (D:3)
  Natasha (thrice) (D:3)
  A hound skeleton (D:4)
  4 gnolls
  9 adders
  A shadow imp (D:5)
  An adder skeleton (D:4)
  A worm (D:2)
  3 dart slugs
  3 orcs
  3 bats
  6 endoplasms
  2 giant cockroaches (D:4)
  10 goblins
  8 hobgoblins
  9 kobolds
  2 quokkas
  8 ball pythons
  7 frilled lizards
  5 rats
95 creatures vanquished.

Notes
Turn   | Place    | Note
-------+----------+-------------------------------------------
     0 | D:1      | Zeldest the Deep Dwarf Fighter began the quest for the Orb.
     0 | D:1      | Reached XP level 1. HP: 20/20 MP: 1/1
   191 | D:1      | Reached XP level 2. HP: 20/26 MP: 2/2
   825 | D:2      | Reached XP level 3. HP: 34/34 MP: 3/3
  1524 | D:3      | Reached XP level 4. HP: 10/42 MP: 4/4
  1550 | D:3      | Noticed Jessica
  1564 | D:3      | HP: 1/42 [Jessica/+7 spectral club (6)]
  1565 | D:3      | Killed Jessica
  1566 | D:3      | Reached XP level 5. HP: 1/49 MP: 5/5
  1628 | D:3      | Found a faded altar of an unknown god.
  1865 | D:3      | Noticed Natasha
  1879 | D:3      | Killed Natasha
  2001 | D:3      | Noticed Natasha
  2008 | D:3      | Killed Natasha
  2233 | D:3      | Noticed Natasha
  2246 | D:3      | Killed Natasha
  2305 | D:4      | Found Lujuvuse's Weapon Emporium.
  2412 | D:4      | Reached XP level 6. HP: 43/57 MP: 5/5
  2447 | D:4      | Noticed Menkaure
  2452 | D:4      | Killed Menkaure
  2649 | D:4      | Reached skill level 5 in Armour
  2649 | D:4      | Reached skill level 5 in Shields
  2720 | D:4      | Found a staircase to the Ecumenical Temple.
  2734 | Temple   | Entered the Ecumenical Temple
  2829 | D:5      | Entered Level 5 of the Dungeon
  2867 | D:5      | Reached XP level 7. HP: 56/64 MP: 6/6
  2991 | D:5      | Found an ornate altar of the Wu Jian Council.
  3256 | D:5      | Found a radiant altar of Vehumet.
  3341 | D:6      | Found Bufaodar's Armour Shoppe.
  3366 | D:6      | Paralysed by an orc priest for 6 turns
  3444 | D:6      | Reached skill level 5 in Axes
  3451 | D:6      | HP: 2/55 [wight/+4 spear (4)]
  3454 | D:6      | Slain by a gnoll

Illustrated notes

Levels and vault maps discovered:
D:1:      saegor_arrival_simple_e, layout_basic
D:2:      layout_basic
D:3:      layout_loops_ring, ebering_ecumenical_altar_ruins, uniq_natasha,
          uniq_jessica
D:4:      layout_cave_pools, minmay_temple_entry_overgrown, serial_shops, shop,
          uniq_menkaure
D:5:      layout_cave_pools, nicolae_wu_jian_wuxing_cycle, vehumet_statue
D:6:      layout_basic, mainiacjoe_overflow_24_doors, serial_shops,
          nicolae_shop_hallway_stairs, uniq_maggie
Temple:   eino_temple_lava

Skill      XL: |  1  2  3  4  5  6  7 |
---------------+----------------------+-----
Fighting       | 3 4 |  4.5
Axes           | 3 4 5 |  5.0
Armour         | 4 5 |  5.6
Shields        | 4 5 |  5.6
Invocations    | |  0.1
Evocations     | |  0.1

Action                   |  1- 3 |  4- 6 |  7- 9 || total
-------------------------+-------+-------+-------++-------
Melee: War axe           |    14 |       |       ||    14
       Whip              |   110 |   169 |    85 ||   364
 Abil: Heal Wounds       |     3 |     6 |     4 ||    13
Armor: Scale mail        |    51 |    71 |    43 ||   165
Dodge: Dodged            |    48 |    70 |    43 ||   161
Block: Buckler           |    27 |    46 |    34 ||   107

Table legend: (Time is in decaauts)
 A = Elapsed time spent in this place.
 B = Non-inter-level travel time spent in this place.
 C = Inter-level travel time spent in this place.
 D = Time resting spent in this place.
 E = Time spent auto-exploring this place.
 F = Levels seen in this place.
 G = Mean time per level.
                   A        B        C        D        E       F      G
               +--------+--------+--------+--------+--------+-----+--------+
         Total |   3484 |   3315 |    169 |      0 |   2528 |   7 |  497.7 |
       Dungeon |   3455 |   3289 |    166 |      0 |   2528 |   6 |  575.8 |
        Temple |     28 |     25 |      3 |      0 |      0 |   1 |   28.0 |
               +--------+--------+--------+--------+--------+-----+--------+

Top non-repeatable levels by time:
     D:1: 806 daAuts
     D:3: 764 daAuts
     D:2: 717 daAuts
     D:4: 540 daAuts
     D:5: 513 daAuts
     D:6: 113 daAuts
  Temple: 28 daAuts
